 Dungeon Crawl Stone Soup version 0.24.1-11-gbbbb2193e6 (webtiles) character file.

Game seed: 15975488386728562731, levelgen mode: deterministic

672 blajj the Poker (level 7, -7/44 HPs)
             Began as a Human Chaos Knight on May 14, 2020.
             Was a Plaything of Xom.
             Mangled by a hornet (shapeshifter) (12 damage)
             ... on level 2 of the Dungeon.
             The game lasted 01:06:14 (3748 turns).

blajj the Poker (Human Chaos Knight)                Turns: 3748, Time: 01:06:16

Health: -7/44      AC:  4    Str: 12    XL:     7   Next: 90%
Magic:  0/8        EV: 13    Int: 13    God:    Xom [.....*]
Gold:   83         SH:  0    Dex: 14    Spells: 6/8 levels left

rFire    + + .     SeeInvis .   a - +0 spear (chaos)
rCold    + . .     Gourm    .   (no shield)
rNeg     . . .     Faith    .   m - +2 leather armour
rPois    +         Spirit   .   (helmet restricted)
rElec    +         Reflect  .   (no cloak)
rCorr    +         Harm     .   (no gloves)
MR       .....     Clarity  +   r - +0 pair of boots
Stlth    +.........             (no amulet)
HPRegen  0.14/turn              (no ring)
MPRegen  0.11/turn              (no ring)

@: lethally poisoned (-7 -> -13), resistant, slowed, very slow
A: horns 1, blurry vision 1, clarity, deformed body, fire resistance 1, frail 2,
MP-powered wands
a: Renounce Religion


You were on level 2 of the Dungeon.
You worshipped Xom.
You were Xom's teddy bear.
You were not hungry.

You visited 1 branch of the dungeon, and saw 5 of its levels.

You collected 178 gold pieces.
You spent 95 gold pieces at shops.

Inventory:

Hand Weapons
 a - a +0 spear of chaos (weapon)
 b - a +3 hunting sling of flaming
 f - a +0 trident
 w - a +2 flail of holy wrath
 y - a +1 falchion of flaming
Missiles
 e - 8 poisoned darts (quivered)
 g - 13 bolts
 h - 167 stones
 k - 93 sling bullets
 n - 21 arrows
 x - 5 boomerangs
Armour
 i - a +0 chain mail
 l - a +1 robe of magic resistance
 m - a +2 leather armour (worn)
 r - a +0 pair of boots (worn)
Wands
 s - a wand of random effects (1)
Scrolls
 d - a scroll of immolation {unknown}
 o - 2 scrolls of remove curse
 q - a scroll of fog
Potions
 p - 2 potions of flight
 t - a potion of agility {unknown}
 u - a potion of curing {unknown}
Comestibles
 c - 10 rations


   Skills:
 + Level 4.9 Fighting
 * Level 5.9 Polearms
 - Level 2.5 Armour
 + Level 3.3 Dodging
 - Level 1.0 Spellcasting
 - Level 2.1 Translocations


You had 6 spell levels left.
You knew the following spells:

 Your Spells              Type           Power        Failure   Level  Hunger
a - Blink                 Tloc           N/A          22%         2    ###....

Your spell library contained the following spells:

 Spells                   Type           Power        Failure   Level  Hunger
 Beastly Appendage        Tmut           #.....       34%         1    ##.....
 Magic Dart               Conj           #...         34%         1    ##.....
 Call Imp                 Summ           #.......     47%         2    ###....
 Slow                     Hex            #.......     47%         2    ###....
 Sticks to Snakes         Tmut           #.......     47%         2    ###....
 Conjure Flame            Conj/Fire      #.......     71%         3    ####...
 Mephitic Cloud           Conj/Pois/Air  #.......     71%         3    ####...
 Spider Form              Tmut/Pois      #.........   71%         3    ####...
 Ice Form                 Ice/Tmut       #.......     98%         4    #####..
 Blade Hands              Tmut           #.........   100%        5    ######.


Dungeon Overview and Level Annotations

Branches:
Dungeon (5/15)
 Temple: D:4-7

Altars:
Ashenzari
Cheibriados
Nemelex Xobeh
Xom
Zin
The Shining One

Shops:
D:4 ?

Annotations:
D:3 !sigmund
Abyss:1 Edmund


Innate Abilities, Weirdness & Mutations

You have a pair of small horns on your head.
Scrolls take you a little longer to read.
You possess an exceptional clarity of mind.
Armour fits poorly on your strangely shaped body.
Your flesh is heat resistant. (rF+)
You are very frail. (-20% HP)
You expend magic power (3 MP) to strengthen your wands.


Message History

Evoke which item? (* to show all) (? for menu, Esc to quit)
Aiming: Random Effects
Press: ? - help, Shift-Dir - straight line, f/p - hornet
Aim: a hornet shaped shifter (severely wounded)
The puff of frost hits the hornet.
The hornet is severely wounded.
You feel sick. The hornet stings you!
Evoke which item? (* to show all) (? for menu, Esc to quit)
Aiming: Random Effects
Press: ? - help, Shift-Dir - straight line, f/p - hornet
Aim: a hornet shaped shifter (severely wounded)
The fireball explodes!
The fireball engulfs the hornet.
The hornet is almost dead.
The fireball engulfs you. You resist.
* * * LOW HITPOINT WARNING * * *
You feel sick. The hornet stings you.
* * * LOW HITPOINT WARNING * * *
You feel yourself slow down. The hornet stings you!
You die...
Xom giggles madly!

.....###..####..###..####........
..........###....#....###........
.......##.##...........##........
..........#######.#######........
>..>....### #._.######........
.......## ##.###....b.......
<......# #####......<.....
......##############........#####
[......##.......@y........###
..........#######.........#
.......#### ##...........#
.......# #.....P♣..P..# .......#
#...P..♣♣♣...## ......##
#.P♣♣♣♣♣♣♣PP♣.# .....##
#....♣♣♣P♣♣♣..♣ ######
##.#P.♣P.P♣...# #.###.......##


You could see a hornet shaped shifter.

Vanquished Creatures
  Sigmund (D:3)
  A sky beast (D:3)
  A howler monkey (D:5)
  A centaur skeleton (D:5)
  2 bullfrog skeletons (D:4)
  An iguana (D:4)
  A worker ant (D:3)
  A howler monkey skeleton (D:4)
  3 gnolls (D:3)
  4 adders
  An ooze (D:2)
  3 worms (D:2)
  5 leopard geckos
  4 orcs
  5 giant cockroaches
  3 goblins
  7 hobgoblins
  5 jackals (D:1)
  8 kobolds
  A quokka (D:4)
  3 bats (D:3)
  4 frilled lizards
  3 rats
68 creatures vanquished.

Vanquished Creatures (collateral kills)
  A worker ant (D:4)
  An adder (D:4)
2 creatures vanquished.

Grand Total: 70 creatures vanquished

Notes
Turn   | Place    | Note
-------+----------+-------------------------------------------
     0 | D:1      | blajj the Human Chaos Knight began the quest for the Orb.
     0 | D:1      | Reached XP level 1. HP: 18/18 MP: 1/1
    61 | D:1      | XOM: harmless Air miscast
   140 | D:1      | Reached XP level 2. HP: 20/24 MP: 2/2
   361 | D:1      | XOM: harmless Tloc miscast
   530 | D:1      | Reached XP level 3. HP: 29/29 MP: 3/3
   985 | D:2      | Found a glowing golden altar of the Shining One.
  1020 | D:2      | Learned a level 2 spell: Blink
  1055 | D:2      | XOM: repel stairs
  1146 | D:2      | XOM: harmless Tmut miscast
  1235 | D:2      | XOM is BORED!
  1235 | D:2      | XOM: give mutations
  1235 | D:2      | Gained mutation: You are frail. (-10% HP) [Xom's mischief]
  1235 | D:2      | Gained mutation: You have a pair of small horns on your
                  | head. [Xom's mischief]
  1235 | D:2      | Gained mutation: You are very frail. (-20% HP) [Xom's
                  | mischief]
  1235 | D:2      | Gained mutation: Your flesh is heat resistant. (rF+) [Xom's
                  | mischief]
  1317 | D:2      | Found a shimmering altar of Xom.
  1328 | D:2      | XOM: harmless Fire miscast
  1353 | D:2      | Reached skill level 1 in Translocations
  1353 | D:2      | Reached XP level 4. HP: 27/28 MP: 4/4
  1407 | D:2      | Found a snail-covered altar of Cheibriados.
  1586 | D:3      | Found a shattered altar of Ashenzari.
  1595 | D:3      | Noticed Sigmund
  1605 | D:3      | XOM: enchant monster (bad)
  1846 | D:4      | Reached XP level 5. HP: 32/32 MP: 5/5
  2007 | D:4      | Noticed Edmund
  2075 | D:4      | Found Bantatunwa's Magic Scroll Shoppe.
  2083 | D:4      | Bought a scroll of blinking for 75 gold pieces
  2083 | D:4      | Bought a scroll of identify for 20 gold pieces
  2186 | D:3      | XOM: 6-stop teleportation journey
  2206 | D:3      | XOM: give mutations
  2206 | D:3      | Gained mutation: Armour fits poorly on your strangely
                  | shaped body. [Xom's mischief]
  2206 | D:3      | Gained mutation: Scrolls take you a little longer to read.
                  | [Xom's mischief]
  2327 | D:3      | Noticed a sky beast
  2460 | D:3      | Reached skill level 4 in Polearms
  2467 | D:3      | Reached skill level 1 in Spellcasting
  2530 | D:3      | XOM: give mutations
  2530 | D:3      | Gained mutation: You expend magic power (3 MP) to
                  | strengthen your wands. [Xom's grace]
  2530 | D:3      | Gained mutation: You possess an exceptional clarity of
                  | mind. [Xom's grace]
  2669 | D:2      | XOM: harmless Erth miscast
  2727 | D:3      | Killed Sigmund
  2727 | D:3      | Reached XP level 6. HP: 33/38 MP: 0/7
  2788 | D:3      | You fall into a shaft and drop 2 floors!
  2788 | D:5      | Entered Level 5 of the Dungeon
  2788 | D:5      | XOM: potion effect (agility)
  2804 | D:5      | Reached skill level 5 in Polearms
  2804 | D:5      | Reached XP level 7. HP: 33/44 MP: 8/8
  2820 | D:5      | Found a sparkling altar of Nemelex Xobeh.
  3007 | D:4      | XOM: summons friendly crimson imp
  3030 | D:4      | Banished Edmund
  3074 | D:4      | XOM: silly message
  3083 | D:4      | XOM: harmless Chrm miscast
  3178 | D:4      | XOM: medium Pois miscast
  3195 | D:4      | XOM: mild Erth miscast
  3402 | D:4      | XOM: mild Air miscast
  3455 | D:4      | XOM: god gift: hunting sling {god gift}
  3583 | D:3      | Found a glowing silver altar of Zin.
  3732 | D:3      | Noticed a shapeshifter
  3732 | D:3      | an orc priest changed into a shapeshifter
  3733 | D:3      | Noticed a black mamba
  3733 | D:3      | a shapeshifter changed into a black mamba
  3741 | D:3      | Noticed a hornet
  3741 | D:3      | a black mamba changed into a hornet
  3743 | D:3      | XOM: scenery: 1 doors close
  3744 | D:2      | HP: 2/44 [poisoned by a black mamba]
  3748 | D:2      | Mangled by a hornet (shapeshifter)

Levels and vault maps discovered:
D:1:      enne_arrival_octagon_isle, layout_basic
D:2:      layout_rooms, xom_butterflies, old_standard_altar, serial_forest,
          infiniplex_forest_clump_curved, infiniplex_forest_end_double,
          infiniplex_forest_clump_long, infiniplex_forest_lined_room_2,
          infiniplex_forest_straight_2, infiniplex_forest_join,
          infiniplex_forest_lined_corner, nicolae_tso_swordbearing_angel
D:3:      layout_basic, zin_scriptorium, ashenzari_altar_1, uniq_sigmund
D:4:      layout_basic, first_ration, serial_shops, nicolae_shop_crystal,
          minmay_bisected, uniq_edmund
D:5:      layout_rooms, nicolae_overflow_crystal_walls, uniq_prince_ribbit1

Skill      XL: |  1  2  3  4  5  6  7 |
---------------+----------------------+-----
Translocations | 1 2 |  2.1
Polearms       | 4 5 |  5.9
Spellcasting   | 1 |  1.0
Fighting       | 4 |  4.9
Dodging        | 2 3 |  3.3
Armour         | |  2.5

Action                   |  1- 3 |  4- 6 |  7- 9 || total
-------------------------+-------+-------+-------++-------
Melee: Spear             |    49 |   109 |    48 ||   206
       Hand axe          |    21 |       |       ||    21
       Headbutt          |       |    19 |    12 ||    31
 Fire: Hunting sling     |    29 |     9 |     2 ||    40
Throw: Dart              |    10 |     4 |    26 ||    40
 Cast: Blink             |     1 |     3 |    10 ||    14
Evoke: Wand              |     1 |    19 |     3 ||    23
  Use: Scroll            |     2 |     5 |       ||     7
       Potion            |       |     3 |     2 ||     5
 Stab: Confused          |     3 |       |     2 ||     5
       Paralysed         |       |     2 |     2 ||     4
  Eat: Chunk             |     2 |     5 |     3 ||    10
Armor: Leather armour    |     5 |    19 |     6 ||    30
       Scale mail        |    13 |       |       ||    13
Dodge: Dodged            |    28 |    53 |    31 ||   112
